Frizzbo, neutral female sylph Wizard ----- ----- ---- --E- ---- ---- --} | | ----- | ------------- --- |#######---| | --- | ###| } ###| | ---# | | | |--| ##--#- # || # | | # #| } -# #| | | #- & | |## --| #- -#------ --- #-#---#-#-#-- -- --## || |--- -- |-- -- | - -# |#- || | # -###| | ####& |-##-- -| | | | --- | | || | || -- | # #&...| | --- ## ##| --- | | -- |---| -- --- | | --.... -#- | --&- ## | ---- -## --- | | ## | |.....-- --#-- || | | } | --#--- -- ##- -- | #-- | |...-### | ---| #--- }| -| ---### | -- | # -- ---.--#| ###-&-## --- --##----#| --- X& -| | --| | |..| ---..|#-- -- R--# |-- ##- || ---#- wi -## | # --- --.-----....^... || E--..--} ## d Q | v R |-#---##- # --.<%....)-#|..|& || } .E@ ---- |& --- R--- ### # | -#--- |..)[.|..--#------ |--- |.. |--- -- --#- --##------#-- #-- --| | |...-#----|. | ##- | | |- | | | | -- ## -- ## | |-#- | | | --..|# ##& -- # | --- --#--- |- | | #---###| |# ## g| ##- | --#-# -#-| ## # | |--- # | -| ### --## --#f --###---## ---# - -- ##### |- |# # # | # -- | | | | #| #---- #--#- | | | | |----#####--| ######## ##-- ---| T|--- | #### --## | ---- ---- ---- ---- ---- ---- Frizzbo the Sorceress Experience level: 20 Strength: 15 Dexterity: 18 Constitution: 16 Intelligence: 18 Wisdom: 19 Charisma: 15 Health: 0(173) Energy: 316(316) Def: 17 Gold: 0 Moves: 45988 Dungeon seed: F7zwq6sIK7CekWAI Game ID: Frizzbo_1467381997 Your Inventory: Amulets g - the uncursed Amulet of Yendor named Rodney's p - the blessed Eye of the Aethiopica V - an uncursed amulet of reflection (being worn) Weapons k - the blessed rustproof +2 Magicbane (weapon in hand) Armor n - a blessed fireproof +4 Hawaiian shirt (being worn) y - a blessed fireproof +4 small shield (being worn) z - a blessed +1 cornuthaum (being worn) N - a blessed fireproof +1 cloak of displacement (being worn) Rings a - an uncursed ring of levitation i - a blessed rustproof ring of regeneration (on left hand) j - a blessed fireproof ring of slow digestion E - an uncursed ring of free action L - an uncursed ring of shock resistance Q - an uncursed ring of sustain ability T - an uncursed ring of polymorph control U - an uncursed ring of conflict (on right hand) X - an uncursed ring of hunger Wands C - an uncursed wand of death (2:5) Y - an uncursed wand of death (0:5) Tools b - an uncursed stethoscope m - the blessed fireproof Platinum Yendorian Express Card s - a blessed greased fireproof bag of holding t - an uncursed magic lamp v - an uncursed oilskin sack w - an uncursed magic whistle B - an uncursed pair of lenses (being worn) F - an uncursed tooled horn J - an uncursed towel K - an uncursed magic marker (0:44) Gems H - a blessed luckstone Contents of the bag of holding: 2336 gold pieces an uncursed amulet of magical breathing an uncursed +0 Hawaiian shirt a cursed -2 helm of opposite alignment an uncursed +0 pair of gauntlets of power 40 uncursed C-rations 34 uncursed K-rations 2 uncursed lembas wafers 5 blessed scrolls of blank paper 9 uncursed scrolls of blank paper a cursed scroll of create monster 2 uncursed scrolls of gold detection a cursed scroll of gold detection an uncursed scroll of magic mapping 5 uncursed scrolls of remove curse 3 uncursed scrolls of scare monster a blessed scroll of teleportation 4 uncursed scrolls of teleportation an uncursed spellbook of blank paper an uncursed spellbook of confuse monster an uncursed spellbook of cure sickness an uncursed spellbook of jumping an uncursed spellbook of magic missile an uncursed spellbook of polymorph an uncursed spellbook of stone to flesh an uncursed spellbook of teleport away an uncursed potion of confusion an uncursed potion of fruit juice a cursed potion of gain level 2 uncursed potions of healing 19 potions of holy water a cursed potion of object detection 2 potions of unholy water 5 uncursed potions of water an uncursed wand of magic missile (0:6) an uncursed wand of make invisible (0:3) an uncursed wand of striking (0:7) an uncursed wand of teleportation (0:7) an uncursed wand of teleportation (0:6) an uncursed wand of teleportation (0:4) an uncursed wand of teleportation (0:4) an uncursed wand of teleportation (0:3) an uncursed wand of undead turning (0:5) an uncursed can of grease (0:7) an uncursed magic marker (0:69) an uncursed magic marker (0:0) an uncursed magic marker (0:0) an uncursed sack named blank an uncursed black opal 4 uncursed emeralds an uncursed fluorite stone Spells and supernatural/magical abilities: Name Level Category Fail Memory a - force bolt 1 attack 0% 67% c - cause fear 3* enchantment 0% 0% d - dig 5 matter 0% 13% e - charm monster 3 enchantment 0% 79% f - fireball 4 attack 0% 28% h - healing 1 healing 0% 25% i - invisibility 4 escape 0% 75% j - jumping 1 escape 0% 97% k - knock 1 matter 0% 83% l - light 1 divination 0% 79% m - magic missile 2 attack 0% 90% n - detect monsters 1 divination 0% 35% p - protection 1 clerical 0% 14% r - remove curse 3 clerical 0% 36% s - slow monster 2 enchantment 0% 58% t - teleport away 6* escape 96% 0% u - confuse monster 2 enchantment 0% 82% v - clairvoyance 3 divination 0% 53% w - wizard lock 2* matter 0% 0% x - extra healing 3 healing 0% 18% z - sleep 1 enchantment 0% 22% C - cancellation 7 matter 0% 83% D - drain life 2 attack 0% 35% E - detect food 2* divination 0% 0% G - detect treasure 4 divination 0% 79% H - haste self 3 escape 0% 67% I - identify 3 divination 0% 14% K - cure sickness 3 healing 0% 13% L - levitation 4 escape 0% 18% M - magic mapping 5 divination 0% 67% O - create monster 2 clerical 0% 79% P - polymorph 6 matter 0% 89% R - restore ability 4 healing 0% 83% S - stone to flesh 3 healing 0% 99% T - turn undead 6 clerical 55% 7% U - detect unseen 3 divination 0% 18% W - pray for help -- divine ? -- Your skills at the end: Miscellaneous Skills shield [Skilled] wands [Skilled] Weapon Skills dagger [Basic] quarterstaff [Basic] Spellcasting Skills attack spells [Expert] healing spells [Skilled] divination spells [Skilled] enchantment spells [Basic] clerical spells [Skilled] escape spells [Basic] matter spells [Expert] Final Attributes: You were piously aligned. You were poison resistant. You were magic-protected. You saw invisible. You were telepathic. You were warned. You were clairvoyant. You had infravision. You were sensing the presence of monsters. You were invisible to others. You were displaced. You were stealthy. You caused conflict. You had teleport control. You regenerated. You were protected from shape changers. You had reflection. You were extremely lucky. You had extra luck. Good luck did not time out for you. You are dead (61st time!). Vanquished creatures: Orcus Juiblex The Wizard of Yendor (4 times) a high priest 2 mammoths Vlad the Impaler Medusa Croesus 8 iron golems 3 master liches 4 storm giants 2 titans 4 deep ettins 2 glass golems 2 balrogs 5 purple worms a gray dragon 2 red dragons 3 white dragons 4 black dragons 5 blue dragons a green dragon a yellow dragon 16 minotaurs 4 jabberwocks The Dark One 8 baluchitheria 5 demiliches a stone golem 2 master mind flayers 5 Olog-hai a Nazgul 15 pit fiends 6 sandestins 2 hell hounds 6 titanotheres 2 trappers a baby silver dragon a baby orange dragon 11 disenchanters 27 vampire lords 6 shades 5 skeletons 10 aligned priests 9 captains 4 liches 3 water trolls 2 clay golems 6 nurses 15 ice devils 7 nalfeshnees 5 lurkers above an Aleax 2 frost giants a golden naga 6 black puddings 25 vampires 37 ghosts 10 ettins 17 lieutenants a queen bee 6 winged gargoyles 5 mind flayers 3 giant mimics 5 fire giants 10 ogre kings 5 ice trolls 9 rock trolls 11 umber hulks 5 flesh golems 4 Elvenkings 9 doppelgangers 16 hezrous 16 bone devils 5 salamanders a large mimic 4 wumpuses 2 fire vortices a baby purple worm 11 long worms 2 couatls 9 stalkers 4 air elementals 9 fire elementals an earth elemental 3 water elementals 7 hill giants 6 giant mummies 4 black nagas 11 xorns 15 giant zombies 9 elf-lords 27 sergeants 2 barbed devils 15 vrocks 3 wargs a winter wolf 8 hell hound pups 2 small mimics 5 island nymphs 3 glass piercers 2 warhorses 5 steam vortices 13 xans 4 ettin mummies 7 ogre lords 12 quantum mechanics 20 trolls a sasquatch 2 wood golems an erinys 9 mariliths 2 sharks 2 pyrolisks a large dog 2 freezing spheres 7 flaming spheres 5 shocking spheres a large cat 2 tigers 6 gargoyles a dwarf king 10 tengu 9 gelatinous cubes 9 ochre jellies 4 chameleons 3 crocodiles 10 leocrottas 6 mountain centaurs 9 giants 3 elf mummies 2 human mummies 5 red nagas 5 green slimes 4 pit vipers a python a cobra 71 wraiths 21 ettin zombies 8 leather golems 10 Grey-elves 122 soldiers 2 horned devils 6 succubi 12 incubi 7 giant beetles 14 cockatrices 16 wolves 16 winter wolf cubs 2 lynxes 4 panthers 100 gremlins 30 leprechauns 8 quivering blobs 4 spotted jellies 9 lizards 4 mountain nymphs 5 orc-captains 3 mumakil 12 giant spiders 6 scorpions 5 iron piercers 3 horses an ice vortex 7 black lights 57 vampire bats 5 forest centaurs 7 gnome kings 3 orc mummies 2 dwarf mummies 3 ogres 5 brown puddings 15 rust monsters 8 owlbears 2 yetis 4 gold golems 2 werewolves 7 Green-elves 9 giant eels 9 chickatrices 2 dogs 6 dingos 2 housecats 4 jaguars 3 dwarf lords 3 blue jellies 7 water nymphs 7 white unicorns 2 black unicorns 5 dust vortices 10 ravens 9 plains centaurs 4 gnome mummies 12 snakes 7 apes 29 human zombies 3 rope golems 11 Woodland-elves 13 soldier ants 10 fire ants 31 bugbears 6 imps 10 quasits a baby crocodile 3 wood nymphs 37 Mordor orcs 2 Uruk-hai 16 orc shamans 6 rock moles 11 rock piercers 3 ponies 3 fog clouds 7 yellow lights 2 shriekers 9 violet fungi 18 gnome lords 9 gnomish wizards 5 kobold mummies a black naga hatchling 10 gray oozes 15 elf zombies 25 ghouls a straw golem 3 paper golems 5 jellyfish 18 giant ants 2 little dogs 12 floating eyes 3 kittens 20 dwarves 6 homunculi 6 kobold lords 3 kobold shamans 12 iguanas 40 hill orcs 24 rothes 4 rabid rats a centipede 6 giant bats 3 monkeys 20 orc zombies 6 dwarf zombies 3 wererats 2 werejackals 24 killer bees 10 coyotes 2 gas spores 12 hobbits 4 acid blobs 6 large kobolds 12 geckos 39 hobgoblins 11 giant rats 3 cave spiders 4 brown molds 9 yellow molds 3 red molds 32 gnomes 5 garter snakes 12 manes 14 gnome zombies 15 jackals 6 foxes 5 kobolds 12 newts 15 goblins 9 sewer rats 17 grid bugs 5 bats 9 lichens 20 kobold zombies 2345 creatures vanquished. Genocided or extinct species: small mimics large mimics giant mimics liches demiliches master liches arch-liches soldiers (extinct) 7 species genocided. 1 species extinct. Voluntary challenges: You were vegetarian. You had been an atheist until turn 5343. You used a wielded weapon 1733 times, starting on turn 109. You read items or engraved 656 times, starting on turn 790. You genocided 7 types of monsters, starting on turn 19627. You polymorphed 105 items, starting on turn 7811. You never changed form. You cheated 2 times but completed Sokoban on turn 17948. You used 6 wishes, starting on turn 1. You wished for your your first artifact on turn 31139. You split 2 puddings, starting on turn 37141. You wrote Elbereth's name 1 time, starting on turn 39557. You violated your moral code, losing 20 points of alignment, starting on turn 4648. Dungeon overview: The Dungeons of Doom: levels 1 to 29 Level 1 some fountains a long staircase Level 2 a general store, a fountain Level 3 a delicatessen, some fountains stairs to The Gnomish Mines Level 4 an armor shop, a sink Level 5 a general store, some fountains Level 6 an altar to Anhur Level 7 many fountains Level 8 a general store stairs to Sokoban Level 9 a temple to Thoth Level 10 some fountains Level 11 a fountain Level 12 portal to Fort Ludios Level 13 a fountain portal to The Quest Level 14 a bookstore Level 15 Level 16 Level 17 Level 18 a temple to Ptah Level 19 (polypile fodder) Level 20 Level 21 Level 22 Level 23 a temple to Anhur Level 24 Level 25 Level 26 Level 27 Level 28 Level 29 a magic chest Gehennom: levels 30 to 58 Level 30 a temple to Moloch, a magic chest stairs to The Dungeons of Doom Level 31 Level 32 Level 33 a magic chest Level 34 Level 35 Level 36 Level 37 Level 38 a fountain Level 39 Level 40 stairs to Vlad's Tower Level 41 a magic chest Level 42 Level 43 some shops, an altar to Moloch, a magic chest, some fountains Level 44 Level 45 Level 46 Level 47 a magic chest Level 48 Level 49 Level 50 Level 51 Level 52 <- You were here Level 53 Level 54 Level 55 Level 56 Level 57 Level 58 The Gnomish Mines: levels 4 to 11 Level 4 stairs to The Dungeons of Doom Level 5 Level 6 many shops, a temple to Anhur, a magic chest, some fountains, some trees Level 7 Level 8 Level 9 Level 10 Level 11 many altars to Moloch, a magic chest, a fountain The Quest: levels 1 to 6 Level 1 a magic chest portal to The Dungeons of Doom Level 2 Level 3 Level 4 Level 5 Level 6 a temple to Ptah Sokoban: levels 4 to 7 Level 4 a magic chest Level 5 Level 6 (big cat here) Level 7 a magic chest stairs to The Dungeons of Doom Fort Ludios: Level 1 a magic chest portal to The Dungeons of Doom Vlad's Tower: levels 37 to 39 Level 37 a throne Level 38 an altar to Moloch Level 39 stairs to Gehennom History has recorded: On T:1 you entered the Dungeons of Doom to retrieve the Amulet of Yendor! On T:1 you wished for "blessed fixed ring of regeneration". On T:3 you wished for "blessed fixed ring of slow digestion". On T:5 you wished for "blessed fixed greased +3 Hawaiian shirt". On T:439 you advanced to experience level 2. On T:732 you reached level 2 of The Dungeons of Doom. On T:802 you advanced to experience level 3. On T:2057 you advanced to experience level 4. On T:2214 you reached level 3 of The Dungeons of Doom. On T:2827 you reached level 4 of The Dungeons of Doom. On T:3729 you advanced to experience level 5. On T:3932 you reached level 1 of The Gnomish Mines. On T:4652 you advanced to experience level 6. On T:4901 you reached level 2 of The Gnomish Mines. On T:5604 you reached level 3 of The Gnomish Mines. On T:5828 you entered the Minetown temple On T:5884 you opened a magic chest. On T:5885 you opened a magic chest. On T:5897 you opened a magic chest. On T:5900 you opened a magic chest. On T:6181 you were saved from death by your wizard powers! On T:6214 you advanced to experience level 7. On T:6679 you reached level 4 of The Gnomish Mines. On T:7141 you reached level 5 of The Gnomish Mines. On T:7551 you reached level 6 of The Gnomish Mines. On T:7735 you advanced to experience level 8. On T:8172 you reached level 7 of The Gnomish Mines. On T:8300 you were saved from death by your wizard powers! On T:8357 you were saved from death by your wizard powers! On T:8582 you were saved from death by your wizard powers! On T:8823 you reached level 8 of The Gnomish Mines. On T:8823 you reached the bottom of the Mines. On T:9422 you advanced to experience level 9. On T:9527 you opened a magic chest. On T:9557 you opened a magic chest. On T:9571 you opened a magic chest. On T:9573 you opened a magic chest. On T:9826 you opened a magic chest. On T:9827 you opened a magic chest. On T:9867 you opened a magic chest. On T:10888 you opened a magic chest. On T:10981 you opened a magic chest. On T:10985 you opened a magic chest. On T:11496 you reached level 5 of The Dungeons of Doom. On T:12211 you reached level 6 of The Dungeons of Doom. On T:12834 you reached level 7 of The Dungeons of Doom. On T:13030 you advanced to experience level 10. On T:13031 you received advice from The Oracle. On T:13031 you advanced to experience level 11. On T:13647 you reached level 8 of The Dungeons of Doom. On T:14123 you were saved from death by your wizard powers! On T:14278 you reached level 4 of Sokoban. On T:14512 you opened a magic chest. On T:14516 you opened a magic chest. On T:14519 you opened a magic chest. On T:14841 you reached level 3 of Sokoban. On T:15118 you opened a magic chest. On T:15130 you opened a magic chest. On T:15131 you opened a magic chest. On T:15145 you opened a magic chest. On T:15149 you opened a magic chest. On T:15878 you reached level 2 of Sokoban. On T:16888 you reached level 1 of Sokoban. On T:17948 you entered the Sokoban zoo. On T:18054 you opened a magic chest. On T:18055 you wished for "blessed greased fixed bag of holding". On T:18060 you opened a magic chest. On T:18511 you reached level 9 of The Dungeons of Doom. On T:18711 you reached level 11 of The Dungeons of Doom. On T:18909 you reached level 10 of The Dungeons of Doom. On T:19755 you opened a magic chest. On T:19794 you opened a magic chest. On T:19805 you opened a magic chest. On T:19823 you opened a magic chest. On T:20702 you advanced to experience level 12. On T:20703 you advanced to experience level 13. On T:20704 you advanced to experience level 14. On T:21323 you were saved from death by your wizard powers! On T:21580 you were saved from death by your wizard powers! On T:21821 you were saved from death by your wizard powers! On T:21825 you were saved from death by your wizard powers! On T:21832 you were saved from death by your wizard powers! On T:22101 you were saved from death by your wizard powers! On T:22135 you received Magicbane from Thoth. On T:22750 you reached level 12 of The Dungeons of Doom. On T:23174 you reached Fort Ludios. On T:23412 you were saved from death by your wizard powers! On T:24726 you killed Croesus in Fort Ludios. On T:24783 you opened a magic chest. On T:24799 you opened a magic chest. On T:24800 you opened a magic chest. On T:24803 you opened a magic chest. On T:24804 you opened a magic chest. On T:24805 you opened a magic chest. On T:24806 you opened a magic chest. On T:25159 you opened a magic chest. On T:25160 you opened a magic chest. On T:25464 you reached level 13 of The Dungeons of Doom. On T:25476 you reached level 14 of The Dungeons of Doom. On T:26170 you reached level 1 of The Quest. On T:27186 you embarked upon an epic quest. On T:27221 you opened a magic chest. On T:27221 you opened a magic chest. On T:27256 you opened a magic chest. On T:27257 you opened a magic chest. On T:27260 you opened a magic chest. On T:27261 you opened a magic chest. On T:27266 you advanced to experience level 15. On T:27266 you opened a magic chest. On T:27285 you reached level 2 of The Quest. On T:27649 you reached level 3 of The Quest. On T:28048 you reached level 4 of The Quest. On T:28222 you reached level 5 of The Quest. On T:28354 you reached level 6 of The Quest. On T:28717 you killed Dark One on level 6 of The Quest. On T:29256 you opened a magic chest. On T:29307 you completed the quest! On T:29697 you reached level 15 of The Dungeons of Doom. On T:29898 you reached level 16 of The Dungeons of Doom. On T:30106 you reached level 17 of The Dungeons of Doom. On T:30399 you reached level 18 of The Dungeons of Doom. On T:30693 you reached level 19 of The Dungeons of Doom. On T:30947 you reached level 20 of The Dungeons of Doom. On T:31139 you wished for "blessed fireproof Platinum Yendorian Express Card". On T:31241 you reached level 21 of The Dungeons of Doom. On T:31459 you opened a magic chest. On T:31460 you opened a magic chest. On T:31462 you opened a magic chest. On T:31469 you opened a magic chest. On T:31657 you reached level 22 of The Dungeons of Doom. On T:31919 you reached level 23 of The Dungeons of Doom. On T:32207 you reached level 24 of The Dungeons of Doom. On T:32702 you killed Medusa on level 24 of The Dungeons of Doom. On T:32756 you reached level 25 of The Dungeons of Doom. On T:33083 you reached level 26 of The Dungeons of Doom. On T:33254 you reached level 27 of The Dungeons of Doom. On T:33611 you reached level 28 of The Dungeons of Doom. On T:33694 you reached The Castle. On T:34118 you were saved from death by your wizard powers! On T:34118 you were saved from death by your wizard powers! On T:34118 you were saved from death by your wizard powers! On T:34118 you were saved from death by your wizard powers! On T:34677 you opened a magic chest. On T:34731 you advanced to experience level 16. On T:35014 you opened a magic chest. On T:35015 you opened a magic chest. On T:35015 you opened a magic chest. On T:35198 you opened a magic chest. On T:35199 you opened a magic chest. On T:35614 you reached The Valley of the Dead. On T:35883 you advanced to experience level 17. On T:35975 you advanced to experience level 18. On T:35976 you advanced to experience level 19. On T:36523 you opened a magic chest. On T:36524 you opened a magic chest. On T:37204 you opened a magic chest. On T:37204 you opened a magic chest. On T:37207 you opened a magic chest. On T:37245 you reached level 2 of Gehennom. On T:37480 you reached level 3 of Gehennom. On T:37676 you reached level 4 of Gehennom. On T:38126 you advanced to experience level 20. On T:38433 you opened a magic chest. On T:38441 you reached level 5 of Gehennom. On T:38628 you reached level 6 of Gehennom. On T:38840 you reached level 7 of Gehennom. On T:38872 you advanced to experience level 21. On T:39005 you advanced to experience level 22. On T:39046 you reached level 8 of Gehennom. On T:39060 you were saved from death by your wizard powers! On T:39072 you were saved from death by your wizard powers! On T:39310 you reached level 9 of Gehennom. On T:39419 you advanced to experience level 23. On T:39502 you were saved from death by your wizard powers! On T:39555 you were saved from death by your wizard powers! On T:39652 you were saved from death by your wizard powers! On T:39708 you were saved from death by your wizard powers! On T:40401 you reached level 10 of Gehennom. On T:40598 you reached level 11 of Gehennom. On T:40667 you reached level 3 of Vlad's Tower. On T:40813 you reached level 2 of Vlad's Tower. On T:40917 you reached level 1 of Vlad's Tower. On T:40971 you killed Vlad the Impaler on level 1 of Vlad's Tower. On T:40989 you wished for "blessed fixed +3 speed boots". On T:41362 you reached level 12 of Gehennom. On T:41444 you were saved from death by your wizard powers! On T:41486 you were saved from death by your wizard powers! On T:41493 you were saved from death by your wizard powers! On T:41497 you were saved from death by your wizard powers! On T:41502 you were saved from death by your wizard powers! On T:41511 you were saved from death by your wizard powers! On T:41636 you opened a magic chest. On T:41654 you opened a magic chest. On T:41657 you opened a magic chest. On T:41658 you opened a magic chest. On T:41661 you opened a magic chest. On T:41674 you opened a magic chest. On T:41676 you opened a magic chest. On T:41681 you opened a magic chest. On T:41790 you reached level 13 of Gehennom. On T:41963 you reached level 14 of Gehennom. On T:42037 you advanced to experience level 24. On T:42071 you were saved from death by your wizard powers! On T:42073 you advanced to experience level 25. On T:42088 you were saved from death by your wizard powers! On T:42494 you opened a magic chest. On T:42619 you were saved from death by your wizard powers! On T:42763 you reached level 16 of Gehennom. On T:42765 you were saved from death by your wizard powers! On T:42815 you reached level 15 of Gehennom. On T:42947 you were saved from death by your wizard powers! On T:42991 you were saved from death by your wizard powers! On T:42994 you were saved from death by your wizard powers! On T:43003 you killed Orcus on level 14 of Gehennom. On T:43003 you were saved from death by your wizard powers! On T:43019 you were saved from death by your wizard powers! On T:43030 you were saved from death by your wizard powers! On T:43050 you were saved from death by your wizard powers! On T:43477 you reached level 17 of Gehennom. On T:43479 you reached level 19 of Gehennom. On T:43481 you were saved from death by your wizard powers! On T:43534 you reached level 18 of Gehennom. On T:43765 you killed Wizard of Yendor on level 18 of Gehennom. On T:43918 you killed Wizard of Yendor on level 19 of Gehennom. On T:43995 you killed Wizard of Yendor on level 19 of Gehennom. On T:44023 you reached level 20 of Gehennom. On T:44048 you reached level 21 of Gehennom. On T:44118 you were saved from death by your wizard powers! On T:44134 you were saved from death by your wizard powers! On T:44160 you were saved from death by your wizard powers! On T:44260 you killed Wizard of Yendor on level 21 of Gehennom. On T:44404 you were saved from death by your wizard powers! On T:44471 you reached level 23 of Gehennom. On T:44472 you were saved from death by your wizard powers! On T:44481 you were saved from death by your wizard powers! On T:44554 you reached level 24 of Gehennom. On T:44601 you were saved from death by your wizard powers! On T:44611 you were saved from death by your wizard powers! On T:44726 you reached level 25 of Gehennom. On T:44749 you reached level 26 of Gehennom. On T:44753 you were saved from death by your wizard powers! On T:44781 you reached level 27 of Gehennom. On T:44834 you reached level 28 of Gehennom. On T:45010 you performed the invocation. On T:45011 you reached level 29 of Gehennom. On T:45285 you were saved from death by your wizard powers! On T:45450 you were saved from death by your wizard powers! On T:45488 you were saved from death by your wizard powers! On T:45500 you were saved from death by your wizard powers! On T:45623 you were saved from death by your wizard powers! On T:45626 you were saved from death by your wizard powers! On T:45627 you were saved from death by your wizard powers! On T:45634 you gained the Amulet of Yendor! On T:45835 you were saved from death by your wizard powers! On T:45869 you were saved from death by your wizard powers! On T:45927 you were saved from death by your wizard powers! On T:45930 you were saved from death by your wizard powers! Score breakdown: Gold: 2336 ( 233 points) Experience: 20 levels ( 1900 points) Exploration: 58 levels ( 2000 points) Discoveries: 205 items ( 2000 points) Variety of kills: 271 monsters ( 2000 points) Major goal: found the Amulet ( 4500 points) Survival: died (score multiplied by 3) Total score: 37899 Latest messages: You slash the hezrou. The hezrou's skin oozes a foul stench. You cough! (2x) You cannot draw healing from these surroundings. You cough! You kill the hezrou! You cough! You can see again. You cannot draw healing from these surroundings. You smell rotten eggs. You cough! (2x) You cannot draw healing from these surroundings. You can see again. You hear crashing rock. You cannot draw healing from these surroundings. Kaablamm! You hear an explosion in the distance! You cannot draw healing from these surroundings. You produce a strange whistling sound. There are several objects here. (2x) You cannot draw healing from these surroundings. (3x) The captain wields a silver saber! The captain swings his silver saber. The captain hacks you! You die... Final status: Goodbye Frizzbo the Wizard, killed by a captain (with the Amulet)... You died in Gehennom on dungeon level 52 with 37899 points, and 2336 pieces of gold, after 45988 moves. You were level 20 with a maximum of 173 hit points when you died.